[Event "Titled Tuesday Blitz July 26 Late 2022"]
[White "Begmuratov, Khumoyun"]
[Black "Riehle, Marco"]
[WhiteFideId "14210207"]
[BlackFideId "12904392"]
[WhiteElo "1978"]
[BlackElo "2462"]
[Result "0-1"]
[Round "03"]
[TimeControl "180+1"]
[Date "2022.07.26"]
[WhiteClock "0:00:03"]
[BlackClock "0:00:44"]

1. e4 e5 2. Nf3 Nf6 3. Nc3 Nc6 4. d4 exd4 5. Nxd4 Nxe4 6. Nxe4 Qe7 7. f3 d5 8. Bb5 Bd7 9. Bxc6 bxc6 10. O-O dxe4 11. fxe4 g6 12. Re1 Bg7 13. c3 O-O 14. Nb3 a5 15. Be3 Rfb8 16. Nc5 Be6 17. Qc2 h6 18. Bd4 Rb5 19. Qf2 a4 20. Re2 Bf8 21. Nxe6 Qxe6 22. a3 Bg7 23. Rf1 Rab8 24. Bxg7 Kxg7 25. Qd4+ Qe5 26. Qd7 Qe6 27. Qd4+ Kg8 28. Rff2 Qa2 29. Qd2 Rxb2 30. Qe3 Qxa3 31. Qd4 Rxe2 32. Rxe2 Qc1+ 33. Kf2 Qf4+ 0-1


[Site "https://www.chess.com"]

[Event "Titled Tuesday Blitz July 26 Late 2022"]
[White "Bogaudinov, Rushan"]
[Black "Shohat, Yotam"]
[WhiteFideId "4129288"]
[BlackFideId "2813955"]
[WhiteElo "2010"]
[BlackElo "2119"]
[Result "0-1"]
[Round "03"]
[TimeControl "180+1"]
[Date "2022.07.27"]
[WhiteClock "0:00:05"]
[BlackClock "0:00:08"]

1. e4 c5 2. Nf3 e6 3. d4 cxd4 4. Nxd4 Nc6 5. Be2 Nf6 6. Nxc6 bxc6 7. Qd3 d5 8. e5 Nd7 9. Qg3 Qc7 10. f4 h5 11. Nc3 h4 12. Qg4 Bb7 13. Be3 c5 14. Nb5 Qb6 15. a4 h3 16. a5 Qd8 17. Rg1 hxg2 18. Qxg2 a6 19. Nd6+ Bxd6 20. exd6 g6 21. Bf2 Qb8 22. f5 gxf5 23. Qg7 Rf8 24. Bg3 Bc6 25. h4 Qb4+ 26. Kf2 f4 27. Bh2 e5 28. Rg5 Qd4+ 29. Kf1 Qxb2 30. Re1 Qd4 31. h5 Bb5 32. h6 Bxe2+ 33. Rxe2 f3 34. Rgxe5+ Nxe5 35. Rxe5+ Kd7 36. Re7+ Kc6 37. Rc7+ Kb5 0-1


[Site "https://www.chess.com"]

[Event "Titled Tuesday Blitz July 26 Late 2022"]
[White "Bortnyk, Mykola"]
[Black "Agasarov, Benik"]
[WhiteFideId "14120836"]
[BlackFideId "13314823"]
[WhiteElo "2582"]
[BlackElo "2620"]
[Result "1-0"]
[Round "03"]
[TimeControl "180+1"]
[Date "2022.07.26"]
[WhiteClock "0:02:55"]
[BlackClock "0:01:50"]

1. e4 e5 2. Nf3 Nf6 3. Nxe5 d6 4. Nxf7 Kxf7 5. d4 c5 6. Nc3 cxd4 7. Bc4+ Be6 8. Bxe6+ Kxe6 9. Qxd4 Nc6 10. Qc4+ Kd7 11. Bf4 Nh5 12. Qf7+ Qe7 13. Qxh5 g6 14. Qb5 Bg7 15. Qxb7+ 1-0


[Site "https://www.chess.com"]

[Event "Titled Tuesday Blitz July 26 Late 2022"]
[White "Bortnyk, Olexandr"]
[Black "Bartholomew, John"]
[WhiteFideId "14120828"]
[BlackFideId "2019353"]
[WhiteElo "2723"]
[BlackElo "2756"]
[Result "0-1"]
[Round "03"]
[TimeControl "180+1"]
[Date "2022.07.26"]
[WhiteClock "0:00:01"]
[BlackClock "0:00:15"]

1. d4 d5 2. Nc3 Nf6 3. Bf4 a6 4. e3 Bf5 5. Nf3 h6 6. Bd3 Bxd3 7. cxd3 e6 8. Qb3 b6 9. Rc1 Bd6 10. Ne5 O-O 11. h3 Nfd7 12. O-O Bxe5 13. dxe5 c5 14. Bg3 Nc6 15. f4 b5 16. Qd1 c4 17. d4 Nb4 18. f5 Nd3 19. f6 gxf6 20. Bh4 Kh7 21. Bxf6 Qe8 22. Qh5 Rg8 23. Rc2 Rg6 24. Bh4 Qg8 25. Kh1 Rf8 26. Be7 Re8 27. Bd6 f5 28. exf6 Rxf6 29. Rxf6 Nxf6 30. Qf3 Qg6 31. Qf1 b4 32. Ne2 Ne4 33. Bc7 Re7 34. Bf4 Rf7 35. Kh2 Nd6 36. Rd2 Ne4 37. Rc2 a5 38. Qd1 Ndf2 39. Qg1 Ng5 40. Bxg5 Qxc2 0-1


[Site "https://www.chess.com"]

[Event "Titled Tuesday Blitz July 26 Late 2022"]
[White "Buchenau, Frank"]
[Black "Blanco Ronquillo, Humberto L."]
[WhiteFideId "4604350"]
[BlackFideId "3504239"]
[WhiteElo "2157"]
[BlackElo "2423"]
[Result "1/2-1/2"]
[Round "03"]
[TimeControl "180+1"]
[Date "2022.07.27"]
[WhiteClock "0:00:04"]
[BlackClock "0:00:03"]

1. e4 c5 2. Nf3 Nc6 3. Bb5 Nf6 4. Bxc6 dxc6 5. d3 g6 6. b3 Bg7 7. Bb2 O-O 8. O-O b6 9. Re1 Re8 10. a4 Qc7 11. Be5 Qb7 12. Nbd2 Bh6 13. a5 Bg4 14. h3 Bxd2 15. Qxd2 Bxf3 16. gxf3 Nd7 17. Bc3 e5 18. f4 Qc7 19. f5 Kg7 20. Kh1 f6 21. Rg1 g5 22. h4 h6 23. Rg4 Kf7 24. Rag1 Rh8 25. f3 Rag8 26. R1g2 Qd8 27. Kg1 Qf8 28. Kf2 h5 29. R4g3 gxh4 30. Rh3 Rxg2+ 31. Kxg2 Qg7+ 32. Kh2 Nb8 33. Rxh4 Na6 34. Rh3 h4 35. Qg2 Qxg2+ 36. Kxg2 Nc7 37. Be1 Nb5 38. Rxh4 Rxh4 39. Bxh4 Nd4 40. axb6 axb6 41. Kg3 Nxc2 42. f4 Nb4 43. fxe5 fxe5 44. Bd8 b5 45. Kf3 Nxd3 46. Bb6 Nc1 47. Bxc5 Nxb3 48. Bd6 Nd4+ 49. Ke3 Kf6 50. Bc7 Nb3 51. Bd8+ Kf7 52. Bc7 Kf6 53. Bd8+ Kf7 54. Bc7 Kf6 1/2-1/2


[Site "https://www.chess.com"]

[Event "Titled Tuesday Blitz July 26 Late 2022"]
[White "Butti, Enrique"]
[Black "Szczepanek, Radoslaw"]
[WhiteFideId "3700470"]
[BlackFideId "1120395"]
[WhiteElo "2080"]
[BlackElo "2161"]
[Result "0-1"]
[Round "03"]
[TimeControl "180+1"]
[Date "2022.07.27"]
[WhiteClock "0:00:12"]
[BlackClock "0:00:11"]

1. d4 Nf6 2. Nf3 g6 3. c4 Bg7 4. Nc3 d6 5. Bg5 h6 6. Bh4 g5 7. Bg3 Nh5 8. e3 c5 9. d5 Nxg3 10. hxg3 Qa5 11. Rc1 Bg4 12. Be2 Nd7 13. a3 Bf5 14. Nd2 Ne5 15. e4 Bd7 16. f4 Ng6 17. f5 Ne5 18. O-O a6 19. Nf3 Nxf3+ 20. Rxf3 b5 21. Qd2 b4 22. axb4 Qxb4 23. Rc2 Bd4+ 24. Kh2 f6 25. Nd1 Qxd2 26. Rxd2 Be5 27. Nf2 h5 28. Nd3 Bd4 29. Rf1 h4 30. g4 Kd8 31. Ra1 Kc7 32. Ra2 Rhb8 33. Rd1 Rb3 34. Rda1 Bc8 35. Ra3 Rab8 36. Rxb3 Rxb3 37. Ra2 Kb6 38. g3 hxg3+ 39. Kxg3 a5 40. Kf3 Bd7 41. Kg2 a4 42. Kf1 Ka5 43. Ke1 a3 44. Kd1 Rxd3+ 45. Bxd3 Bxb2 46. Bc2 Kb4 47. Bd3 Ba4+ 48. Kd2 Bb3 49. Rxb2 axb2 50. Bb1 Kxc4 51. Ke3 Kc3 0-1


[Site "https://www.chess.com"]

[Event "Titled Tuesday Blitz July 26 Late 2022"]
[White "Cabarkapa, Novak"]
[Black "Steinberg, Nitzan"]
[WhiteFideId "943746"]
[BlackFideId "2801795"]
[WhiteElo "2390"]
[BlackElo "2471"]
[Result "0-1"]
[Round "03"]
[TimeControl "180+1"]
[Date "2022.07.26"]
[WhiteClock "0:00:38"]
[BlackClock "0:00:39"]

1. c4 e6 2. Nf3 d5 3. g3 Nf6 4. Bg2 d4 5. d3 Nc6 6. a3 a5 7. e4 Be7 8. O-O a4 9. e5 Nd7 10. Re1 g5 11. b4 axb3 12. Bb2 Nc5 13. Qe2 h5 14. Nbd2 g4 15. Nh4 Na4 16. Bxc6+ bxc6 17. Ne4 c5 18. Bc1 Bb7 19. Rb1 Bxe4 20. Qxe4 Rb8 21. Ng6 fxg6 22. Qxg6+ Kd7 23. Bf4 Qf8 24. Qe4 Nc3 25. Qg2 Nxb1 26. Rxb1 Rb6 27. a4 Qa8 28. Qf1 Qxa4 29. Bc1 Qc6 30. Bb2 Qf3 31. Qe1 Ra8 32. Qd2 h4 33. gxh4 Bxh4 0-1


[Site "https://www.chess.com"]

[Event "Titled Tuesday Blitz July 26 Late 2022"]
[White "Chen, Justin"]
[Black "Djokic, Mihailo"]
[WhiteFideId "2098199"]
[BlackFideId "976440"]
[WhiteElo "2289"]
[BlackElo "2246"]
[Result "1-0"]
[Round "03"]
[TimeControl "180+1"]
[Date "2022.07.27"]
[WhiteClock "0:00:06"]
[BlackClock "0:00:15"]

1. e4 c5 2. Nc3 Nc6 3. g3 g6 4. Bg2 Bg7 5. d3 d6 6. Nge2 e6 7. O-O Nge7 8. Be3 Nd4 9. Qd2 Rb8 10. Nd1 b5 11. Nxd4 cxd4 12. Bh6 O-O 13. c3 dxc3 14. Nxc3 b4 15. Ne2 Bxh6 16. Qxh6 Ba6 17. Qd2 e5 18. Rfd1 d5 19. exd5 Nxd5 20. d4 Nb6 21. b3 Bxe2 22. Qxe2 exd4 23. Qg4 Qf6 24. Qxd4 Qxd4 25. Rxd4 a5 26. a3 bxa3 27. Rxa3 Nc8 28. Rda4 Rd8 29. Be4 Rd1+ 30. Kg2 Nd6 31. Bf3 Rd3 32. Rxa5 Rbxb3 33. Rxb3 Rxb3 34. Re5 Kg7 35. Re7 Nf5 36. Rxf7+ Kxf7 37. Bd5+ Kf6 38. Bxb3 Ke5 39. Bc2 Nd4 40. Bd3 Ne6 41. Be2 Nd4 42. Bd1 g5 43. Bg4 h6 44. Kf1 Nb3 45. Ke2 Nc5 46. Ke3 Kf6 47. Bf3 Ne6 48. Bd5 Ng7 49. Be4 Ke5 50. Bd3 Ne6 51. Bc4 Nc7 52. Kf3 Ne8 53. Bd3 Kd4 54. Bb1 Nd6 55. Kg4 Ke5 56. Kh5 Kf6 57. Kxh6 Nf7+ 58. Kh5 Ne5 59. h4 g4 60. Bc2 Ke6 61. Kg5 Kd5 62. Kf4 Ke6 63. Bf5+ Kf6 64. Bxg4 Nd3+ 65. Kf3 Ne5+ 66. Kf4 Nd3+ 67. Ke3 Ne5 68. Be2 Kf5 69. f4 Nf7 70. g4+ Kf6 71. Kf3 Nd6 72. Bd3 Nb7 73. g5+ Kg7 74. h5 Nc5 75. h6+ Kf7 76. Bc2 Nd7 77. Kg4 Nb6 78. Bb3+ Kf8 79. f5 1-0


[Site "https://www.chess.com"]

[Event "Titled Tuesday Blitz July 26 Late 2022"]
[White "Clawitter, Craig"]
[Black "Mazibuko, Khanya"]
[WhiteFideId "2023105"]
[BlackFideId "14321041"]
[WhiteElo "2203"]
[BlackElo "1873"]
[Result "0-1"]
[Round "03"]
[TimeControl "180+1"]
[Date "2022.07.27"]
[WhiteClock "0:00:03"]
[BlackClock "0:00:17"]

1. e4 e5 2. Nf3 Nc6 3. Bb5 a6 4. Ba4 Nf6 5. O-O Be7 6. d3 b5 7. Bb3 d6 8. a4 Bd7 9. Nc3 b4 10. Nd5 O-O 11. a5 Bg4 12. Be3 Nd4 13. Bxd4 exd4 14. h3 Bxf3 15. Qxf3 c5 16. Nb6 Rb8 17. g4 Nd7 18. Nd5 Ne5 19. Qg3 Bh4 20. Qg2 c4 21. dxc4 d3 22. f4 Nc6 23. cxd3 Nxa5 24. Bc2 Nc6 25. Rxa6 Nd4 26. Ba4 Ra8 27. Bb5 Rxa6 28. Bxa6 Qa8 29. Bb5 Qa7 30. Kh2 Ra8 31. g5 Qa2 32. f5 Bxg5 33. Qxg5 Qxb2+ 34. Qg2 Ra2 35. Qxb2 Rxb2+ 36. Kh1 Ne2 37. f6 Ng3+ 38. Kg1 Nxf1 39. Kxf1 Rd2 40. Nxb4 gxf6 41. Ke1 Rh2 42. Bd7 Kf8 43. Bf5 h5 44. Nd5 Kg7 45. Nf4 h4 46. d4 Rc2 47. c5 dxc5 48. e5 Rc3 49. exf6+ Kf8 50. Nh5 cxd4 51. Nf4 Rf3 0-1


[Site "https://www.chess.com"]

[Event "Titled Tuesday Blitz July 26 Late 2022"]
[White "D`Arruda, Ricardo D."]
[Black "Peng, David Yu"]
[WhiteFideId "100692"]
[BlackFideId "2605376"]
[WhiteElo "2416"]
[BlackElo "2166"]
[Result "0-1"]
[Round "03"]
[TimeControl "180+1"]
[Date "2022.07.27"]
[WhiteClock "0:00:11"]
[BlackClock "0:00:17"]

1. d4 Nf6 2. Nf3 d5 3. g3 c6 4. Bg2 Bf5 5. O-O e6 6. c4 Nbd7 7. Nc3 h6 8. b3 Bb4 9. Bb2 O-O 10. a3 Bd6 11. Nd2 Rc8 12. e4 dxe4 13. Ndxe4 Nxe4 14. Nxe4 Be7 15. Qe2 Nf6 16. Rfd1 Re8 17. Bc3 Nxe4 18. Bxe4 Bxe4 19. Qxe4 Bf6 20. Rac1 Qd7 21. Rd3 Rcd8 22. Rcd1 Qe7 23. b4 Qd7 24. Be1 b5 25. cxb5 cxb5 26. Kg2 Qd5 27. f3 Rd7 28. Bf2 Rc8 29. Qe3 Rc4 30. Qe4 a6 31. h3 h5 32. h4 g6 33. Be3 Kg7 34. Bf2 Rc2 35. Kg1 Qa2 36. Qe3 Rd5 37. R3d2 Rxd2 38. Rxd2 Qb1+ 39. Kg2 Qf5 40. Qe4 Rd7 41. Be3 e5 42. Qxf5 gxf5 43. dxe5 Rxd2+ 44. Bxd2 Bxe5 45. Bc1 Kf6 46. Kh3 Bc3 47. g4 Kg6 48. Kg3 fxg4 49. fxg4 f5 50. gxf5+ Kxf5 51. Kf3 Bf6 52. Kg3 Be5+ 53. Kf3 Bf6 54. Kg3 Ke4 55. Kf2 Bxh4+ 56. Ke2 Bf6 57. Kf2 Kd3 58. Kg3 Kc2 59. Bf4 Kb3 60. Bc1 Bb2 61. Bg5 Bxa3 62. Kh4 Bxb4 63. Kxh5 Bc3 0-1


[Site "https://www.chess.com"]

[Event "Titled Tuesday Blitz July 26 Late 2022"]
[White "Deviprasath, Sharvesh"]
[Black "Gubajdullin, Alexei"]
[WhiteFideId "30938228"]
[BlackFideId "4141202"]
[WhiteElo "2102"]
[BlackElo "2190"]
[Result "1-0"]
[Round "03"]
[TimeControl "180+1"]
[Date "2022.07.27"]
[WhiteClock "0:00:06"]
[BlackClock "0:00:01"]

1. Nf3 Nf6 2. c4 g6 3. Nc3 Bg7 4. d4 O-O 5. Bg5 d6 6. Qd2 Re8 7. Bh6 Bh8 8. h4 Bg4 9. O-O-O a6 10. h5 Bxh5 11. e4 Nc6 12. d5 Ne5 13. Be2 Bxf3 14. Bxf3 Nxc4 15. Qc2 b5 16. b3 Na3 17. Qd2 Qb8 18. Rh3 a5 19. Rdh1 a4 20. b4 Nc4 21. Qc2 Qb6 22. Be2 Qd4 23. f4 Nxe4 24. Nxe4 Qa1+ 25. Qb1 Bb2+ 26. Kc2 Na3+ 27. Rxa3 Qxb1+ 28. Rxb1 Bxa3 29. Nc3 e5 30. Nxb5 exf4 31. Bd3 Re3 32. Bxf4 Re7 33. Nxa3 f6 34. Nc4 g5 35. Be3 Rae8 36. Bd4 f5 37. Bxf5 Re2+ 38. Kc3 Rxa2 39. Bc2 Re2 40. Ne3 Ra3+ 41. Bb3 axb3 42. Rxb3 Rxb3+ 43. Kxb3 h5 44. b5 h4 45. Kc3 Rxg2 46. Nxg2 h3 47. Bg1 hxg2 48. Kd4 Kf7 49. Ke4 Kf6 50. Bh2 Kg6 51. Bg1 Kf6 52. Kd4 Kf5 53. Kc4 Ke4 54. Bf2 Kf3 55. Bg1 Ke4 56. b6 cxb6 57. Bxb6 Kf3 58. Kb5 Ke2 59. Kc6 Kf1 60. Kxd6 1-0


[Site "https://www.chess.com"]

[Event "Titled Tuesday Blitz July 26 Late 2022"]
[White "Di Nicolantonio, Lucas"]
[Black "Sjugirov, Sanan"]
[WhiteFideId "680460"]
[BlackFideId "4189302"]
[WhiteElo "2381"]
[BlackElo "2609"]
[Result "0-1"]
[Round "03"]
[TimeControl "180+1"]
[Date "2022.07.27"]
[WhiteClock "0:00:05"]
[BlackClock "0:01:05"]

1. d4 Nf6 2. Bg5 d5 3. Bxf6 exf6 4. e3 c6 5. g3 Be6 6. Bg2 Nd7 7. Ne2 Bd6 8. Qd3 f5 9. Nd2 Nf6 10. c4 dxc4 11. Nxc4 Bb4+ 12. Nc3 h5 13. a3 Be7 14. h4 O-O 15. O-O Ng4 16. f3 Nf6 17. Ne5 Bd6 18. Rfd1 Qe7 19. Rac1 Rad8 20. Qe2 Bb3 21. f4 Bxd1 22. Rxd1 Ng4 23. Bf3 Rfe8 24. Re1 f6 25. Qc4+ Kh7 26. Nxg4 hxg4 27. Bd1 g6 28. Bc2 Qe6 29. Qf1 Kh6 30. Qg2 Kh5 31. e4 Qc4 32. Rd1 Bxa3 33. exf5 Rxd4 34. fxg6 Rxd1+ 35. Bxd1 Bc5+ 36. Kh2 Kxg6 37. Bxg4 Kg7 38. Bh5 Re3 39. Qh3 Qe6 40. Bg4 Qd6 41. Be2 Qe6 42. Bg4 Qb3 43. Qg2 Bd4 44. Bd1 Qe6 45. Bc2 Bxc3 0-1


[Site "https://www.chess.com"]

[Event "Titled Tuesday Blitz July 26 Late 2022"]
[White "Dimitrov, Atanas"]
[Black "Jorquera, Marcelo"]
[WhiteFideId "2901315"]
[BlackFideId "3401197"]
[WhiteElo "2609"]
[BlackElo "2136"]
[Result "1-0"]
[Round "03"]
[TimeControl "180+1"]
[Date "2022.07.27"]
[WhiteClock "0:00:14"]
[BlackClock "0:00:01"]

1. Nf3 Nf6 2. c4 g6 3. Nc3 Bg7 4. g3 O-O 5. Bg2 d6 6. O-O Nc6 7. b3 e5 8. Bb2 Nh5 9. d3 f5 10. Nd2 Nf6 11. Nd5 Ne7 12. Nxf6+ Bxf6 13. e3 c6 14. Nf3 Be6 15. c5 Qc7 16. cxd6 Qxd6 17. Qe2 Rfd8 18. Rfd1 a5 19. e4 Re8 20. exf5 Nxf5 21. Bxe5 Bxe5 22. Qxe5 Qxe5 23. Nxe5 Nd4 24. Nc4 Ra6 25. Nd6 Re7 26. Ne4 Ra7 27. h3 a4 28. Nc5 axb3 29. axb3 Rxa1 30. Rxa1 Nxb3 31. Ra8+ Kf7 32. Ne4 Bd5 33. Ng5+ Kf6 34. Bxd5 cxd5 35. Nf3 Nc5 36. d4 Nd3 37. Rd8 Re2 38. Nh4 Ke7 39. Rxd5 Rxf2 40. Rb5 Rd2 41. Rxb7+ Kd6 42. Rxh7 Kd5 43. Nxg6 Kxd4 44. Re7 Nc5 45. Nf4 1-0


[Site "https://www.chess.com"]

[Event "Titled Tuesday Blitz July 26 Late 2022"]
[White "Dounis, Alexandros"]
[Black "Sibilio, Mario"]
[WhiteFideId "4213238"]
[BlackFideId "800422"]
[WhiteElo "2204"]
[BlackElo "2296"]
[Result "1-0"]
[Round "03"]
[TimeControl "180+1"]
[Date "2022.07.27"]
[WhiteClock "0:00:24"]
[BlackClock "0:00:04"]

1. Nf3 Nf6 2. g3 g6 3. Bg2 Bg7 4. O-O O-O 5. d4 d6 6. b3 c5 7. Bb2 cxd4 8. Nxd4 a6 9. c4 e6 10. Nc3 Qc7 11. Rc1 Rd8 12. Qd2 Nbd7 13. Rfd1 Ne5 14. h3 Bd7 15. e3 Rac8 16. a4 Qb8 17. Ba3 Be8 18. Qe1 Nc6 19. Nxc6 Bxc6 20. Bxc6 Rxc6 21. Rd3 d5 22. cxd5 Nxd5 23. Nxd5 Rxd5 24. Rxd5 exd5 25. Rd1 Rc3 26. Rxd5 Rxb3 27. Qd1 Rxa3 28. Rd8+ Qxd8 29. Qxd8+ Bf8 30. a5 Rb3 31. e4 h5 32. e5 Rb5 33. e6 fxe6 34. Qf6 Rxa5 35. Qxg6+ Bg7 36. Qxe6+ Kh8 37. Qc8+ Kh7 38. Qxb7 Ra1+ 39. Kg2 a5 40. Qe4+ Kh8 41. Qe8+ Kh7 42. Qxh5+ Kg8 43. Qd5+ Kh8 44. h4 a4 45. h5 a3 46. Qa8+ Kh7 47. Qe4+ Kg8 48. Qe8+ Kh7 49. Qg6+ Kh8 50. h6 Bb2 51. Qf7 1-0


[Site "https://www.chess.com"]

[Event "Titled Tuesday Blitz July 26 Late 2022"]
[White "Ernst, Sipke"]
[Black "Yoo, Christopher Woojin"]
[WhiteFideId "1004689"]
[BlackFideId "30909694"]
[WhiteElo "2436"]
[BlackElo "2105"]
[Result "0-1"]
[Round "03"]
[TimeControl "180+1"]
[Date "2022.07.26"]
[WhiteClock "0:00:08"]
[BlackClock "0:00:17"]

1. d4 Nf6 2. c4 e6 3. Nc3 Bb4 4. e3 O-O 5. Bd3 d5 6. Nf3 c5 7. O-O cxd4 8. exd4 dxc4 9. Bxc4 Nc6 10. Bg5 h6 11. Bh4 Be7 12. Re1 b6 13. a3 Bb7 14. Ba2 Rc8 15. Qd3 Nh5 16. Bg3 Nxg3 17. hxg3 Bf6 18. Rad1 Ne7 19. Ne4 Nd5 20. Ne5 Rc7 21. Bb1 g6 22. Nxf6+ Nxf6 23. Nxg6 fxg6 24. Qxg6+ Rg7 25. Qxh6 Qd5 26. Qh3 Ng4 27. f3 Rf6 28. Be4 Qb3 29. Qh4 Bxe4 30. fxe4 Rh6 31. Qd8+ Kh7 32. Qf8 Qxg3 0-1


[Site "https://www.chess.com"]

[Event "Titled Tuesday Blitz July 26 Late 2022"]
[White "Fishbein, Alexander"]
[Black "Aravindh, Chithambaram VR."]
[WhiteFideId "2000377"]
[BlackFideId "5072786"]
[WhiteElo "2410"]
[BlackElo "2577"]
[Result "1/2-1/2"]
[Round "03"]
[TimeControl "180+1"]
[Date "2022.07.26"]
[WhiteClock "0:00:15"]
[BlackClock "0:00:14"]

1. d4 c5 2. d5 e5 3. e4 d6 4. Nc3 f5 5. Bb5+ Bd7 6. exf5 Nf6 7. Bxd7+ Qxd7 8. Qd3 Na6 9. a3 Rc8 10. Bg5 c4 11. Qf3 Be7 12. Bxf6 Bxf6 13. Nge2 O-O 14. Ng3 Nc5 15. Nge4 b5 16. Nxc5 Rxc5 17. Ne4 Rc7 18. g4 Bh4 19. Qh3 Qd8 20. Rg1 h6 21. O-O-O a5 22. Qe3 c3 23. b3 a4 24. b4 Rc4 25. Kb1 Qe7 26. Rd3 Rfc8 27. f3 Bg5 28. Qb6 Rxe4 29. fxe4 Qd7 30. Rgg3 Bd2 31. g5 hxg5 32. Qf2 Rc4 33. f6 Rxe4 34. fxg7 Rf4 35. Rgf3 e4 36. Rxf4 gxf4 37. Qh4 Qxg7 38. Qd8+ Qf8 39. Qg5+ Qg7 40. Qd8+ Qf8 41. Qg5+ Qg7 42. Qd8+ 1/2-1/2


[Site "https://www.chess.com"]

[Event "Titled Tuesday Blitz July 26 Late 2022"]
[White "Floresvillar Gonzalez, Luis Migu"]
[Black "Mica, Marek"]
[WhiteFideId "5100542"]
[BlackFideId "382884"]
[WhiteElo "2040"]
[BlackElo "2100"]
[Result "1-0"]
[Round "03"]
[TimeControl "180+1"]
[Date "2022.07.27"]
[WhiteClock "0:00:05"]
[BlackClock "0:00:02"]

1. d4 Nf6 2. c3 d5 3. Bg5 Ne4 4. h4 h6 5. Bf4 e6 6. Nd2 Bd6 7. Bxd6 Nxd6 8. g3 Nd7 9. f4 b6 10. Bg2 Bb7 11. Ngf3 c5 12. e3 Nf6 13. Ne5 O-O 14. O-O Rc8 15. Qe2 b5 16. a3 a5 17. g4 cxd4 18. exd4 b4 19. axb4 axb4 20. g5 hxg5 21. hxg5 Nfe4 22. Nxe4 Nxe4 23. Bxe4 dxe4 24. Ra7 Qb6 25. Rfa1 bxc3 26. bxc3 Rxc3 27. Qd2 Rc7 28. g6 fxg6 29. Nxg6 Rd8 30. R7a4 e5 31. Nxe5 Qe6 32. Qe3 Rdc8 33. R4a3 Qh6 34. Qb3+ Kf8 35. Qb4+ Kg8 36. Qb3+ Kf8 37. Qb4+ Re7 38. Rg3 Qh4 39. Ng6+ Kg8 40. Nxh4 Rec7 41. Qb3+ Kh7 42. Rh3 g5 43. Nf5+ Kg6 44. fxg5 Kxf5 45. Rf1+ Kg6 46. Qe6+ Kg7 47. Rh6 Rc6 48. Qe7+ Kg8 49. Qh7# 1-0


[Site "https://www.chess.com"]

[Event "Titled Tuesday Blitz July 26 Late 2022"]
[White "Gallo Garcia, Kemel Antonio"]
[Black "Kamsky, Gata"]
[WhiteFideId "3523896"]
[BlackFideId "2000024"]
[WhiteElo "2359"]
[BlackElo "2645"]
[Result "0-1"]
[Round "03"]
[TimeControl "180+1"]
[Date "2022.07.26"]
[WhiteClock "0:00:01"]
[BlackClock "0:00:48"]

1. e4 e5 2. Nf3 Nc6 3. Bb5 a6 4. Ba4 Nf6 5. O-O Be7 6. Re1 b5 7. Bb3 d6 8. c3 O-O 9. h3 Nb8 10. d4 Nbd7 11. a4 Bb7 12. Nbd2 c5 13. d5 c4 14. Bc2 Nc5 15. Nf1 Nfd7 16. Ng3 g6 17. Bh6 Re8 18. Qd2 Nb6 19. Rf1 Nbxa4 20. Bxa4 Nxa4 21. Nh2 Bh4 22. Nf3 Bf6 23. Nh2 Nc5 24. Qe3 Bh4 25. Nf3 Be7 26. Nh2 Nd7 27. Kh1 Bf8 28. Ng4 Nf6 29. Bg5 Nxg4 30. hxg4 f6 31. Bh6 Bc8 32. f3 f5 33. Bxf8 Qh4+ 34. Kg1 Rxf8 35. Ne2 fxg4 36. fxg4 Bxg4 37. Rxf8+ Rxf8 38. Ng3 Bc8 39. Rf1 Rf4 0-1


[Site "https://www.chess.com"]

[Event "Titled Tuesday Blitz July 26 Late 2022"]
[White "Grigoriants, Sergey"]
[Black "Domingo Nunez, Ruben"]
[WhiteFideId "4130804"]
[BlackFideId "22245570"]
[WhiteElo "2502"]
[BlackElo "2373"]
[Result "1/2-1/2"]
[Round "03"]
[TimeControl "180+1"]
[Date "2022.07.26"]
[WhiteClock "0:00:29"]
[BlackClock "0:00:09"]

1. d4 g6 2. e4 Bg7 3. Nc3 c6 4. f4 d5 5. e5 f6 6. Nf3 Nh6 7. Bd3 fxe5 8. fxe5 Bg4 9. Be3 O-O 10. Qe2 c5 11. dxc5 e6 12. O-O-O Nc6 13. Nb5 Nf7 14. Nbd4 Nfxe5 15. Nxc6 bxc6 16. Rhf1 Rb8 17. c3 Qa5 18. a3 Nxd3+ 19. Rxd3 e5 20. h3 e4 21. hxg4 exd3 22. Qxd3 Qa4 23. Bd4 Rbe8 24. Bxg7 Kxg7 25. Nd4 Rxf1+ 26. Qxf1 Qa5 27. g5 Qxc5 28. Qf6+ Kg8 29. g4 Qe7 30. Qxc6 Qe1+ 31. Kc2 Qe4+ 32. Kb3 Rb8+ 33. Ka2 Qe5 34. Qd7 Re8 35. a4 Re7 36. Qc8+ Re8 37. Qd7 Re7 38. Qc8+ Re8 39. Qd7 1/2-1/2


[Site "https://www.chess.com"]

[Event "Titled Tuesday Blitz July 26 Late 2022"]
[White "Grigorov, Grigor"]
[Black "Daggupati, Balaji"]
[WhiteFideId "2907313"]
[BlackFideId "2090759"]
[WhiteElo "2510"]
[BlackElo "2704"]
[Result "1-0"]
[Round "03"]
[TimeControl "180+1"]
[Date "2022.07.26"]
[WhiteClock "0:00:55"]
[BlackClock "0:00:56"]

1. d4 d5 2. c4 dxc4 3. e3 e5 4. Bxc4 exd4 5. exd4 Nf6 6. Qe2+ Qe7 7. Qxe7+ Bxe7 8. Nf3 O-O 9. O-O Nc6 10. h3 Bf5 11. Nc3 Rad8 12. Re1 Rfe8 13. Be3 Nb4 14. Rad1 Nc2 15. Re2 Nxe3 16. Rxe3 Bd6 17. Ne5 Bxe5 18. Rxe5 Bc2 19. Rde1 Kf8 20. Nb5 c6 21. Nc7 Rxe5 22. dxe5 Ne4 23. f3 Nd2 24. e6 Re8 25. Nxe8 Nxc4 26. Nxg7 Kxg7 27. e7 Nd6 28. e8=Q Nxe8 29. Rxe8 1-0


[Site "https://www.chess.com"]

[Event "Titled Tuesday Blitz July 26 Late 2022"]
[White "Grischuk, Alexander"]
[Black "Meshkovs, Nikita"]
[WhiteFideId "4126025"]
[BlackFideId "11602740"]
[WhiteElo "2762"]
[BlackElo "2506"]
[Result "1-0"]
[Round "03"]
[TimeControl "180+1"]
[Date "2022.07.26"]
[WhiteClock "0:00:07"]
[BlackClock "0:00:02"]

1. d4 Nf6 2. c4 e6 3. Nc3 Bb4 4. e3 d5 5. a3 Bxc3+ 6. bxc3 c5 7. cxd5 exd5 8. Bd3 O-O 9. Ne2 b6 10. O-O Ba6 11. Bxa6 Nxa6 12. Qd3 Qc8 13. f3 Re8 14. Ng3 Nc7 15. e4 cxd4 16. cxd4 Qa6 17. Qxa6 Nxa6 18. e5 Nd7 19. Nf5 Nc7 20. f4 f6 21. Bb2 g6 22. Nd6 Re7 23. Rac1 Ne8 24. Nb5 Nf8 25. f5 gxf5 26. Rxf5 fxe5 27. dxe5 Rd8 28. Nd4 Rc7 29. Rcf1 Ng7 30. Rg5 h6 31. Rg3 Kh7 32. Rf6 Re8 33. Nb5 Rc2 34. Nd6 Rb8 35. Bd4 Nfe6 36. Be3 h5 37. Rh6+ Kg8 38. Rxe6 h4 39. Rg4 Rf8 40. Reg6 Re2 41. Rxg7+ Kh8 42. h3 Re1+ 43. Kh2 Rxe3 44. Nf7+ Rxf7 45. Rxf7 Rxe5 46. Rxa7 d4 47. Rxd4 Re8 48. Rxh4+ Kg8 49. Rg4+ Kh8 50. Rh4+ Kg8 51. a4 b5 52. Rg4+ Kh8 53. Rh4+ Kg8 54. axb5 Re2 55. Rg4+ Kh8 56. Rc4 Re8 57. b6 Rb8 58. Rd7 Kg8 59. b7 Kf8 60. Rc8+ 1-0


[Site "https://www.chess.com"]

[Event "Titled Tuesday Blitz July 26 Late 2022"]
[White "Gulecyuz, Deniz"]
[Black "Gracia Alvarez, Gerardo Antonio"]
[WhiteFideId "30921341"]
[BlackFideId "5109124"]
[WhiteElo "1923"]
[BlackElo "2139"]
[Result "1-0"]
[Round "03"]
[TimeControl "180+1"]
[Date "2022.07.27"]
[WhiteClock "0:00:34"]
[BlackClock "0:00:01"]

1. e4 c5 2. Nf3 Nc6 3. d4 cxd4 4. Nxd4 Nf6 5. Nc3 e5 6. Ndb5 h6 7. Na3 Bb4 8. Bd3 d5 9. exd5 Nxd5 10. Bd2 Nxc3 11. Bxc3 Bxc3+ 12. bxc3 O-O 13. O-O Be6 14. Re1 Rc8 15. Qf3 f5 16. Qh5 Qe7 17. Nc4 e4 18. Bf1 b5 19. Ne3 f4 20. Nd5 Qf7 21. Qxf7+ Rxf7 22. Nb4 Bf5 23. Nxc6 Rxc6 24. Bxb5 Rxc3 25. Ba4 Kh7 26. Bb3 Rd7 27. Rad1 Rxd1 28. Rxd1 e3 29. fxe3 fxe3 30. Re1 Bxc2 31. Rc1 e2 32. Kf2 e1=Q+ 33. Kxe1 Rxb3 34. axb3 Bxb3 35. Ra1 Bd5 36. Kf2 Be6 37. Rxa7 Bf5 38. Kg3 Be4 39. Kh3 Bf5+ 40. g4 Be4 41. Kg3 Bd3 42. h4 Bc2 43. Kf4 Kg8 44. g5 hxg5+ 45. hxg5 Bg6 46. Ke5 Bh5 47. Ke6 Bg6 48. Ke7 Bf5 49. Ra8+ Kh7 50. Kf8 Kg6 51. Ra7 Kxg5 52. Rxg7+ Kf4 53. Kf7 Ke5 54. Rg5 Kf4 55. Kf6 Be4 56. Ra5 Ke3 57. Ke5 Bd3 58. Ra3 Kd2 59. Kd4 Bc2 60. Rh3 Bb1 61. Rh2+ Kc1 62. Kc3 Be4 63. Re2 Bf3 64. Re1+ Bd1 65. Rg1 1-0


[Site "https://www.chess.com"]